 Dungeon Crawl Stone Soup version 0.29.1-15-g9cfb28693d (webtiles) character file.

Game seed: 13886988063443910394

2126 FaviusArthum the Magician (level 9, 0/47 HPs)
             Began as a Gargoyle Necromancer on Sept 2, 2023.
             Was a Follower of Sif Muna.
             Slain by a gargoyle
             ... wielding a +0 mace
              (16 damage)
             ... on level 7 of the Dungeon.
             The game lasted 00:46:02 (8134 turns).

FaviusArthum the Magician (Gargoyle Necromancer)    Turns: 8134, Time: 00:46:03

Health: 0/47       AC: 14    Str: 12    XL:     9   Next: 29%
Magic:  11/19      EV: 12    Int: 20    God:    Sif Muna [*.....]
Gold:   367        SH:  0    Dex: 10    Spells: 5/21 levels left

rFire   . . .      SeeInvis .   F - +3 dire flail (vorpal)
rCold   . . .      Faith    .   (shield currently unavailable)
rNeg    + . .      Spirit   .   k - +2 robe {Archmagi}
rPois   ∞          Reflect  .   (no helmet)
rElec   +          Harm     .   (no cloak)
rCorr   .          Rampage  .   (no gloves)
Will    .....      Archmagi +   (no boots)
Stlth   ++........              (no amulet)
HPRegen 0.15/turn               h - +4 ring of protection
MPRegen 0.16/turn               (no ring)

@: no status effects
A: sickness immunity, AC +6, negative energy resistance 1, electricity
resistance, torment resistance 1, petrification resistance
a: Renounce Religion, Channel Magic


You were on level 7 of the Dungeon.
You worshipped Sif Muna.
Sif Muna was aware of your devotion.
You visited 1 branch of the dungeon, and saw 7 of its levels.

You collected 367 gold pieces.

Inventory:

Hand Weapons
 e - a +0 short sword
 s - a +0 flail
 v - a +0 club
 B - the +4 trident "Gys Suig" {pain, Int+9 Dex-4}
   (You took it off a goblin on level 4 of the Dungeon)

   In the hands of one skilled in necromantic magic, it inflicts extra damage on
   living creatures.
   Int:       It affects your intelligence (+9).
   Dex:       It affects your dexterity (-4).
 F - a +3 vorpal dire flail (weapon)
Missiles
 A - 2 throwing nets
 I - 2 curare-tipped darts
Armour
 a - a +0 robe
 b - a +0 kite shield
 k - a +2 robe of the Archmagi (worn)
 G - a +3 ring mail of fire resistance
Magical Staves
 u - a staff of poison
 z - a staff of cold
Jewellery
 h - a +4 ring of protection (left hand)
 r - an amulet of the acrobat
 w - an amulet of faith
 C - a +4 ring of slaying
Wands
 q - a wand of flame (26)
 D - a wand of polymorph (2)
 H - a wand of roots (4)
Scrolls
 l - 2 scrolls of magic mapping
 m - a scroll of summoning
 o - a scroll of blinking
 p - a scroll of enchant armour {unknown}
 y - a scroll of teleportation {unknown}
 E - a scroll of amnesia {unknown}
Potions
 c - a potion of brilliance {unknown}
 d - 2 potions of degeneration {unknown}
 f - a potion of might {unknown}
 g - a potion of curing
 i - a potion of ambrosia
 j - 2 potions of mutation {unknown}
 n - a potion of invisibility {unknown}
 t - 3 potions of lignification
 x - 2 potions of attraction {unknown}


   Skills:
 + Level 1.3 Fighting
 + Level 0.5 Short Blades
 + Level 1.1 Maces & Flails
 + Level 0.7 Polearms
 * Level 4.3 Armour
 + Level 2.6 Dodging
 + Level 3.0 Stealth
 + Level 1.2 Shields
 + Level 0.2 Unarmed Combat
 * Level 6.6 Spellcasting
 * Level 3.1 Conjurations
 * Level 1.0 Hexes
 * Level 6.5 Necromancy


You had 5 spell levels left.
You knew the following spells:

 Your Spells              Type           Power      Damage    Failure   Level
a - Necrotise             Necr           100%       1d9       1%          1
b - Animate Dead          Necr           49%        N/A       7%          4
c - Agony                 Necr           49%        N/A       19%         5
d - Searing Ray           Conj           56%        2d6       4%          2
e - Fulminant Prism       Conj/Hex       11%        3d9       38%         4

Your spell library contained the following spells:

 Spells                   Type           Power      Damage    Failure   Level
 Vampiric Draining        Necr           49%        2d9       1%          3
 Magic Dart               Conj           100%       1d8       2%          1
 Slow                     Hex            64%        N/A       6%          1
 Static Discharge         Conj/Air       19%        3-6/arc   8%          2
 Confusing Touch          Hex            16%        N/A       19%         3
 Hailstorm                Conj/Ice       19%        3d6       45%         4
 Orb of Destruction       Conj           14%        9d7       100%        7


Dungeon Overview and Level Annotations

Branches:
Dungeon (7/15)             Temple (0/1) D:6

Altars:
Cheibriados
Elyvilon
Fedhas
Gozag
Kikubaaqudgha
Sif Muna
Zin

Shops:
D:6 *   D:7 *

Annotations:
D:3 4 runed translucent doors, Crazy Yiuf; infcreate's ghost, amateur DEHu


Innate Abilities, Weirdness & Mutations

You are immune to sickness and miasma.
Your stone body is resilient. (AC +6)
You are immune to poison.
You resist negative energy. (rN+)
You are resistant to electric shocks. (rElec)
You are resistant to unholy torment.
You are immune to petrification.


Message History

You feel a surge of power!
You miscast Fulminant Prism.
You are very lightly contaminated with residual magic.
Nothing appears to happen.
Casting: Fulminant Prism (quite dangerous; 38% risk of failure)
Confirm with . or Enter, or press ? or * to list all spells.
The spell is quite dangerous to miscast (38% risk of failure)!
Continue anyway?
Aiming: Fulminant Prism (quite dangerous; 38% risk of failure)
Press: ? - help, Dir - move target You feel a surge of power!
You conjure a prism of explosive energy!
A fulminant prism comes into view.
Your fulminant prism crackles loudly.
Your fulminant prism explodes!
The gargoyle misses you.
There is a stone staircase leading up here.
Casting: Fulminant Prism (quite dangerous; 38% risk of failure)
Confirm with . or Enter, or press ? or * to list all spells.
Aiming: Searing Ray (safe; 4% risk of failure)
Press: ? - help, Shift-Dir - straight line, f - gargoyle
Aim: a gargoyle, wielding a +0 mace (90% to hit)
You feel a surge of power!
The searing ray hits the gargoyle but does no damage. (Press . to maintain the ray.)
The gargoyle hits you with a +0 mace.
You hit the gargoyle but do no damage. The gargoyle closely misses you.
Your magical contamination has completely faded away.
You hit the gargoyle but do no damage.
The gargoyle hurls a stone arrow at you.
The stone arrow hits you!
You hit the gargoyle.
The gargoyle is moderately damaged.
The gargoyle hurls a stone arrow at you.
The stone arrow misses you.
You hit the gargoyle.
The gargoyle is moderately damaged.
The gargoyle hits you with a +0 mace!
You hit the gargoyle.
The gargoyle is heavily damaged.
The gargoyle hits you with a +0 mace!
You die...

... ....#
...#.#..#
#.#...#.#
#...∩...#
#.#####.#...#.#
.........#.#..#
#.........#
#..##.9...###.#
.....!.@......#
........#.#....
?.....#........
........#.#.##.
....(.........
......... .....
..#####.. .....
.. #... ...


You could see a gargoyle.

Vanquished Creatures
  Sigmund (D:2)
  A steam dragon (D:6)
  Edmund (D:6)
  A water moccasin (D:5)
  A black bear (D:4)
  An ice beast (D:5)
  2 ogres
  2 phantoms
  2 gnoll sergeants
  A necrophage (D:4)
  4 scorpions
  The ghost of enPassant the Digger, a weakling MeEE (D:5)
  A crimson imp (D:4)
  5 hounds
  A jelly (D:3)
  An orc priest (D:5)
  3 iguanas
  Robin (D:2)
  9 gnolls
  7 adders
  A white imp (D:4)
  An ufetubus (D:6)
  2 worms
  A dart slug (D:4)
  11 orcs
  3 bats
  6 endoplasms
  A giant cockroach (D:1)
  16 goblins
  13 hobgoblins
  2 jackals (D:2)
  7 kobolds
  2 quokkas
  9 ball pythons
  4 frilled lizards
  5 rats
130 creatures vanquished.

Vanquished Creatures (collateral kills)
  A jelly (D:5)
  An orc priest (D:3)
  A gnoll (D:5)
  2 worms
  2 orcs
  2 endoplasms
  A giant cockroach (D:2)
  3 goblins
  A hobgoblin (D:3)
  A bat (D:1)
  2 rats (D:2)
17 creatures vanquished.

Vanquished Creatures (others)
  An ice beast zombie (D:5)
  2 hound zombies (D:5)
  A steam dragon zombie (D:6)
  A gnoll zombie (D:5)
  5 fulminant prisms
  10 plants
20 creatures vanquished.

Grand Total: 167 creatures vanquished

Notes
Turn   | Place    | Note
-------+----------+-------------------------------------------
     0 | D:1      | FaviusArthum the Gargoyle Necromancer began the quest for
                  | the Orb.
     0 | D:1      | Reached XP level 1. HP: 10/10 MP: 3/3
    42 | D:1      | Found a faded altar of an unknown god.
   513 | D:1      | Reached XP level 2. HP: 11/15 MP: 5/5
  1140 | D:1      | Reached XP level 3. HP: 18/19 MP: 3/6
  1784 | D:2      | Noticed Sigmund
  1800 | D:2      | Killed Sigmund
  1801 | D:2      | Reached skill level 1 in Armour
  1801 | D:2      | Reached XP level 4. HP: 18/24 MP: 2/8
  1801 | D:2      | Reached XP level 5. HP: 21/28 MP: 2/9
  1881 | D:2      | Learned a level 4 spell: Animate Dead
  1887 | D:2      | Learned a level 5 spell: Agony
  1974 | D:2      | Got the Dissertation on Blows and Bruises
  2353 | D:2      | Noticed Robin
  2355 | D:2      | Reached XP level 6. HP: 33/33 MP: 9/11
  2377 | D:2      | Killed Robin
  3287 | D:3      | Found a runed translucent gate.
  3287 | D:3      | Found a runed translucent gate.
  3288 | D:3      | Found a runed translucent gate.
  3292 | D:3      | Noticed infcreate's ghost (amateur DEHu)
  3499 | D:3      | Found a shimmering blue altar of Sif Muna.
  3533 | D:3      | Became a worshipper of Sif Muna the Loreminder
  3762 | D:3      | Found a runed translucent door.
  3763 | D:3      | Noticed Crazy Yiuf
  3842 | D:4      | Learned a level 2 spell: Searing Ray
  3849 | D:4      | Reached skill level 5 in Necromancy
  3849 | D:4      | Reached XP level 7. HP: 36/37 MP: 1/13
  4067 | D:4      | Reached skill level 1 in Fighting
  4234 | D:4      | Reached skill level 1 in Maces & Flails
  4236 | D:4      | Reached * piety under Sif Muna
  4410 | D:4      | Identified the +4 trident "Gys Suig" {pain, Int+9 Dex-4}
  4488 | D:4      | Found a white marble altar of Elyvilon.
  4782 | D:4      | Reached skill level 1 in Conjurations
  5004 | D:5      | Entered Level 5 of the Dungeon
  5048 | D:5      | Found a glowing silver altar of Zin.
  5096 | D:5      | Reached XP level 8. HP: 43/43 MP: 9/15
  5137 | D:5      | Reached skill level 5 in Spellcasting
  5222 | D:5      | Found a blossoming altar of Fedhas.
  5488 | D:5      | Found a runed translucent gate.
  5489 | D:5      | Found a runed translucent gate.
  5491 | D:5      | Found a runed translucent gate.
  5491 | D:5      | Identified the +8 sling of Veshaniamyt {vorpal, rElec}
  5491 | D:5      | Identified the +2 scale mail of Integrity {Rampage Will-
                  | Str+5}
  5499 | D:5      | Noticed enPassant's ghost (weakling MeEE)
  6028 | D:5      | Reached skill level 1 in Shields
  6029 | D:5      | HP: 1/42 [ogre/+0 giant club (12)]
  6050 | D:5      | Learned a level 4 spell: Fulminant Prism
  6618 | D:5      | Killed enPassant's ghost
  6882 | D:6      | Found an opulent altar of Gozag.
  7004 | D:6      | Found a staircase to the Ecumenical Temple.
  7028 | D:6      | Noticed Edmund
  7042 | D:6      | Killed Edmund
  7043 | D:6      | Reached XP level 9. HP: 27/47 MP: 5/18
  7207 | D:6      | Found a snail-covered altar of Cheibriados.
  7207 | D:6      | Found an ancient bone altar of Kikubaaqudgha.
  7260 | D:6      | Found Ocasivota's General Store.
  7275 | D:6      | Reached skill level 1 in Hexes
  8122 | D:7      | Noticed a gargoyle
  8122 | D:7      | Found Rikhior's Overcharged Wands.
  8134 | D:7      | Slain by a gargoyle

Illustrated notes

Levels and vault maps discovered:
D:1:      elethiomel_arrival_shortcut, layout_loops_ring,
          ebering_ecumenical_altar_petrified, minmay_close_crescents
D:2:      layout_loops_cross, uniq_robin, uniq_sigmund
D:3:      layout_loops_ring, mainiacjoe_overflow_brackets,
          gammafunk_ghost_necromancy, st_stairs_11, minmay_crystal_water,
          uniq_crazy_yiuf_cottage
D:4:      layout_rooms, elyvilon_altar_4, minmay_fire_ice_demons
D:5:      layout_gridville, fedhas_ov_isle_minmay, amcnicky_altar_gilded,
          biasface_ghost_orc_armoury, st_stairs_14
D:6:      layout_rooms, grunt_gozag_breadcrumbs, nicolae_overflow_two_pavilions,
          minmay_temple_entry_gardened_gates, serial_shops, kennysheep_mini,
          uniq_edmund
D:7:      layout_basic, minmay_curled_crystal, nicolae_shop_overcharged_wands

Skill      XL: |  1  2  3  4  5  6  7  8  9 |
---------------+----------------------------+-----
Armour         | 1 2 4 |  4.3
Spellcasting   | 3 4 6 |  6.6
Necromancy     | 4 5 6 |  6.5
Dodging        | 2 |  2.6
Fighting       | 1 |  1.3
Maces & Flails | 1 |  1.1
Conjurations   | 1 2 3 |  3.1
Shields        | 1 |  1.2
Stealth        | 3 |  3.0
Hexes          | 1 |  1.0
Short Blades   | |  0.5
Polearms       | |  0.7
Unarmed Combat | |  0.2

Action                   |  1- 3 |  4- 6 |  7- 9 || total
-------------------------+-------+-------+-------++-------
Melee: Unarmed           |    19 |       |       ||    19
       Short sword       |    58 |    62 |       ||   120
       Punch             |     1 |       |       ||     1
       Flail             |       |    17 |    30 ||    47
       Trident           |       |       |    56 ||    56
       Dire flail        |       |       |    11 ||    11
 Cast: Necrotise         |    32 |    64 |   124 ||   220
       Searing Ray       |       |     4 |    29 ||    33
       Animate Dead      |       |       |     6 ||     6
       Fulminant Prism   |       |       |     5 ||     5
Evoke: Wand              |       |       |     2 ||     2
  Use: Scroll            |       |     4 |     9 ||    13
       Potion            |       |     2 |     4 ||     6
 Stab: Sleeping          |     2 |     2 |       ||     4
Armor: Robe              |    18 |    58 |    98 ||   174
Dodge: Dodged            |    50 |    68 |   109 ||   227
Block: Kite shield       |       |       |    19 ||    19
